 Dungeon Crawl Stone Soup version 0.22.0-38-g04b72b8 (webtiles) character file.

97 Gorglobot the Skirmisher (level 4, 0/41 HPs)
             Began as a Hill Orc Fighter on Aug 27, 2018.
             Splashed by a jelly's acid (3 damage)
             ... on level 3 of the Dungeon.
             The game lasted 00:02:59 (1639 turns).

Gorglobot the Skirmisher (Hill Orc Fighter)         Turns: 1639, Time: 00:02:59

Health: 0/41       AC:  2    Str: 19    XL:     4   Next: 68%
Magic:  4/4        EV:  7    Int:  8    God:
Gold:   86         SH:  9    Dex: 10    Spells: 3/3 levels left

rFire    . . .     SeeInvis .   a - +0 war axe
rCold    . . .     Gourm    .   c - +0 shield
rNeg     . . .     Faith    .   b - +0 scale mail
rPois    .         Spirit   .   (no helmet)
rElec    .         Reflect  .   (no cloak)
rCorr    .         Harm     .   (no gloves)
MR       .....                  (no boots)
Stlth    ..........             (no amulet)
HPRegen  0.13/turn              (no ring)
MPRegen  0.09/turn              (no ring)

@: corroded
A: no striking features
a: no special abilities


You were on level 3 of the Dungeon.
You were hungry.

You visited 1 branch of the dungeon, and saw 3 of its levels.

You collected 86 gold pieces.

Inventory:

Hand Weapons
 a - a +0 war axe (weapon)
Armour
 b - a +0 scale mail (worn)
 c - a +0 shield (worn)
Jewellery
 l - a cursed -4 ring of evasion {unknown}
 o - an uncursed ring of protection from fire {unknown}
Scrolls
 e - 3 scrolls of enchant weapon {unknown}
 g - 2 scrolls of teleportation {unknown}
 h - 2 scrolls of identify {unknown}
 i - 3 scrolls of remove curse {unknown}
 m - a scroll of noise {unknown}
 n - a scroll of random uselessness {unknown}
 p - a scroll of fog {unknown}
Potions
 d - a potion of might
 j - 2 potions of flight {unknown}
 k - a potion of curing {unknown}
 q - a potion of haste {unknown}
Comestibles
 f - 5 rations


   Skills:
 + Level 4.5 Fighting
 + Level 4.0 Axes
 + Level 3.6 Armour
 + Level 1.0 Dodging
 + Level 3.8 Shields


You had 3 spell levels left.
You didn't know any spells.
Your spell library contained the following spells:

 Spells                   Type           Power        Failure   Level  Hunger
 Animate Skeleton         Necr           N/A          99%         1    ##.....
 Apportation              Tloc           #.....       99%         1    ##.....
 Confusing Touch          Hex            #.....       99%         1    ##.....
 Summon Small Mammal      Summ           #...         99%         1    ##.....


Dungeon Overview and Level Annotations

Branches:
Dungeon (3/15)

Altars:
Vehumet
Wu Jian
The Shining One

Annotations:
D:3 1 runed door


Message History

A jelly is nearby!
You are too injured to fight recklessly!
A jelly is nearby!
You are too injured to fight recklessly!
A jelly is nearby!
You are too injured to fight recklessly!
You hit the jelly.
Your hands burn!
* * * LOW HITPOINT WARNING * * *
The jelly is almost dead.
You block the jelly's attack.
You hit the jelly but do no damage. The acid corrodes you!
Your hands burn!
* * * LOW HITPOINT WARNING * * *
The jelly is almost dead.
The jelly hits you but does no damage. You block the jelly's attack.
A jelly is nearby!
You are too injured to fight recklessly!
A jelly is nearby!
You are too injured to fight recklessly!
You hit the jelly.
Your hands burn!
You die...

#.# ##.## #.# ....
#.# #.# #.#..... ..#
#.# ... ..#####.#
... ........# ...
..#####.# #.#
..#####.# #.# #
........# #J# .#
..####..# #@# ###.#
..####..#
##.#####...
........# #.....##.#
..####.##
#..###....# ..# #.#
###..##>##...# ..#
#.# #...# #.###..#
..# #.##
#..####.####.# #.#
##..###..#A.._..>#.#
#.#
#....[...###+.####.#


You could see a jelly.

Vanquished Creatures
  2 adders
  An ooze (D:2)
  2 dart slugs (D:1)
  3 leopard geckos
  4 orcs (D:3)
  6 bats
  4 giant cockroaches
  5 goblins
  7 hobgoblins
  5 jackals
  5 kobolds
  A quokka (D:2)
  5 frilled lizards
  11 rats
61 creatures vanquished.

Vanquished Creatures (others)
  A rat (D:2)
1 creature vanquished.

Grand Total: 62 creatures vanquished

Notes
Turn   | Place    | Note
-------+----------+-------------------------------------------
     0 | D:1      | Gorglobot the Hill Orc Fighter began the quest for the Orb.
     0 | D:1      | Reached XP level 1. HP: 19/19 MP: 1/1
    91 | D:1      | Reached XP level 2. HP: 20/27 MP: 2/2
   238 | D:1      | Reached XP level 3. HP: 18/33 MP: 3/3
   728 | D:2      | Found a radiant altar of Vehumet.
   792 | D:2      | Reached XP level 4. HP: 23/41 MP: 4/4
   793 | D:2      | Found an ornate altar of the Wu Jian Council.
  1100 | D:2      | Reached skill level 1 in Dodging
  1608 | D:3      | Noticed an angel
  1611 | D:3      | Found a glowing golden altar of the Shining One.
  1619 | D:3      | Found a runed door.
  1639 | D:3      | Splashed by a jelly's acid

Skill      XL: |  1  2  3  4 |
---------------+-------------+-----
Fighting       | 4 |  4.5
Axes           | 3 4 |  4.0
Dodging        | 1 |  1.0
Armour         | |  3.6
Shields        | |  3.8

Action                   |  1- 3 |  4- 6 || total
-------------------------+-------+-------++-------
Melee: War axe           |   112 |    74 ||   186
  Eat: Chunk             |       |     2 ||     2
Armor: Scale mail        |    44 |    34 ||    78
Dodge: Dodged            |    29 |    22 ||    51
Block: Shield            |    63 |    36 ||    99
